Map: [ESL] Goldenaura

Players

Scarlett

  • Race: Zerg Zerg
  • Spawn Location: 5:00

Lambo - Winner!

  • Race: Zerg Zerg
  • Spawn Location: 12:00

Event: IEM Katowice 2024

VOD

Have the link to the VOD?

Description

Time

  • Played on: Dec. 8, 2023, 1:20 p.m.
  • Length: 10:01

All games in this series

Show
View Real Time Build Order
Export as new Build Order

Scarlett Zerg 

Build Orders: 3 Hatch before Pool 

Get SALT Encoding   

  12  0:00  Drone  
  13  0:12  Overlord  
  13  0:17  Drone  
  14  0:30  Drone x2  
  16  0:47  Hatchery  
  15  0:51  Drone  
  15  0:54  Drone  
  17  0:58  Drone  
  18  1:18  Hatchery  
  18  1:21  Drone  
  18  1:24  Drone  
  19  1:27  Extractor  
  18  1:38  Spawning Pool  
  17  1:41  Drone  
  17  1:44  Drone  
  19  1:49  Drone  
  20  1:59  Drone  
  20  2:00  Drone  
  22  2:10  Drone  
  22  2:11  Drone  
  24  2:25  Queen x2  
  28  2:30  Queen  
  28  2:34  Overlord  
  28  2:35  Drone  
  31  2:39  Drone  
  31  2:41  Drone  
  33  2:44  Evolution Chamber  
  33  2:47  Drone  
  33  2:49  Drone  
  34  2:53  Evolution Chamber  
  34  2:56  Drone  
  34  2:58  Drone  
  35  3:00  Drone  
  35  3:05  Drone x2  
  38  3:11  Metabolic Boost  
  39  3:15  Overlord  
  39  3:17  Drone x2  
  41  3:20  Zerg Melee Weapons Level 1  
  41  3:22  Drone  
  42  3:29  Extractor, Overlord  
  42  3:30  Extractor  
  42  3:34  Drone x4  
  44  3:37  Drone x2  
  44  3:39  Drone  
  47  3:45  Lair  
  47  3:46  Drone  
  49  3:48  Drone  
  49  3:51  Drone x2  
  49  3:55  Overlord  
  51  3:58  Drone x2  
  51  4:00  Extractor  
  52  4:03  Overlord  
  52  4:05  Drone  
  53  4:13  Zergling x12  
  59  4:25  Zergling x14  
  66  4:37  Hatchery  
  65  4:41  Zergling x8  
  69  4:49  Spire  
  68  4:53  Overlord  
  68  4:54  Drone x2  
  70  5:03  Drone x5  
  73  5:14  Drone x7  
  76  5:32  Zergling x18  
  76  5:35  Zerg Melee Weapons Level 2  
  79  5:44  Zergling x4  
  78  5:51  Zergling x16  
  78  5:54  Overlord  
  81  6:06  Mutalisk x4  
  81  6:09  Mutalisk  
  83  6:12  Mutalisk, Zerg Flyer Weapons Level 1  
  83  6:15  Mutalisk x4  
  81  6:25  Mutalisk, Zergling x2  
  76  6:26  Zergling x6  
  76  6:32  Zergling x8  
  79  6:46  Zergling x16  
  87  6:52  Zergling x4  
  86  6:57  Zergling x4  
  72  7:09  Mutalisk  
  72  7:10  Mutalisk, Zergling x2  
  77  7:26  Zergling x14  
  84  7:35  Mutalisk  
  81  7:56  Drone x11  
  82  8:04  Drone, Queen  
  85  8:16  Drone x3  
  88  8:23  Drone x4  
  92  8:28  Overlord  
  92  8:31  Mutalisk x2  
  94  8:38  Mutalisk  
  92  8:48  Drone  
  92  8:49  Drone x4  
  92  8:50  Extractor  
  92  8:51  Extractor  
  92  8:52  Hatchery  
  93  9:03  Queen x3  
  93  9:09  Mutalisk x2  
  103  9:15  Overlord x2  
  102  9:29  Drone x6  
  102  9:30  Overlord x3  
  104  9:33  Overlord  
  104  9:34  Overlord  
Show
View Real Time Build Order
Export as new Build Order

Lambo Zerg - Winner!

Build Orders: Hatch First 

Get SALT Encoding   

  12  0:00  Drone  
  13  0:12  Overlord  
  13  0:16  Drone  
  14  0:31  Drone x2  
  16  0:48  Hatchery  
  15  0:52  Drone  
  15  0:55  Drone  
  17  0:58  Drone  
  18  1:09  Extractor  
  17  1:13  Spawning Pool  
  17  1:17  Drone  
  17  1:20  Drone  
  18  1:27  Drone  
  19  1:39  Drone  
  20  1:49  Drone  
  21  2:00  Queen x2  
  21  2:01  Zergling x2, Overlord  
  26  2:10  Metabolic Boost  
  26  2:11  Drone  
  26  2:12  Drone  
  28  2:25  Drone x2  
  30  2:32  Drone x2  
  32  2:38  Hatchery  
  32  2:42  Drone  
  32  2:49  Overlord  
  32  2:53  Drone x2  
  34  2:59  Baneling Nest  
  34  3:04  Drone x2  
  35  3:09  Drone x5  
  40  3:15  Overlord  
  40  3:18  Drone x2  
  42  3:23  Queen  
  44  3:31  Overlord  
  43  3:34  Zergling x2  
  43  3:40  Drone x3  
  47  3:41  Evolution Chamber  
  47  3:43  Extractor  
  47  3:45  Zergling x6  
  47  3:47  Overlord  
  48  3:54  Drone x2, Baneling  
  50  3:58  Overlord  
  50  4:03  Overlord  
  50  4:11  Zergling x4  
  50  4:14  Zerg Missile Weapons Level 1, Drone  
  50  4:15  Drone  
  50  4:16  Zergling x6, Drone  
  50  4:17  Roach Warren  
  57  4:20  Drone  
  57  4:21  Drone  
  57  4:22  Drone  
  60  4:28  Drone  
  60  4:30  Lair  
  61  4:31  Overlord  
  61  4:38  Drone  
  62  4:40  Baneling x2  
  62  4:45  Zergling x2  
  62  4:46  Zergling x4  
  62  4:48  Drone x3  
  62  4:50  Zergling x10  
  62  4:52  Baneling x2  
  72  4:54  Zergling x2  
  72  4:55  Queen  
  75  5:04  Baneling x2  
  75  5:06  Queen  
  77  5:11  Drone x5  
  79  5:15  Zergling x2  
  79  5:18  Zergling x10  
  85  5:24  Baneling  
  85  5:25  Baneling  
  85  5:27  Zergling x10  
  89  5:31  Zergling x2  
  89  5:35  Zergling x2  
  90  5:37  Glial Reconstitution  
  90  5:39  Baneling x2  
  89  5:44  Extractor, Queen  
  89  5:45  Extractor, Queen  
  89  5:49  Zergling x2  
  90  5:52  Baneling x4  
  90  5:55  Overlord x2  
  90  5:57  Overlord  
  90  5:59  Overlord  
  90  6:01  Zergling x6  
  86  6:05  Zergling x2  
  86  6:06  Zergling x6  
  86  6:08  Zergling x2  
  86  6:09  Zergling x2  
  90  6:15  Zergling x8  
  92  6:19  Zergling x2  
  92  6:21  Zergling x8  
  95  6:31  Drone x3  
  95  6:32  Queen x2  
  102  6:35  Queen  
  102  6:39  Infestation Pit  
  100  6:42  Drone x3  
  99  6:49  Extractor  
  99  6:51  Drone x5  
  99  6:53  Drone  
  96  7:01  Roach x6  
  96  7:05  Roach  
  96  7:08  Queen x2  
  102  7:10  Zerg Missile Weapons Level 2  
  102  7:11  Queen  
  102  7:13  Spore Crawler  
  102  7:14  Spore Crawler  
  102  7:15  Extractor  
  100  7:16  Spore Crawler  
  100  7:17  Spore Crawler  
  100  7:18  Drone, Spore Crawler  
  100  7:19  Spore Crawler  
  100  7:20  Overlord  
  100  7:21  Drone x4  
  101  7:24  Drone x2  
  101  7:27  Roach, Overlord  
  105  7:31  Overlord  
  105  7:32  Spore Crawler  
  105  7:33  Tunneling Claws  
  104  7:37  Spore Crawler  
  101  7:44  Burrow  
  101  7:48  Roach x3  
  101  7:51  Roach x2  
  101  7:56  Drone x5  
  108  8:00  Infestor  
  108  8:05  Drone x3  
  113  8:11  Drone  
  114  8:14  Infestor  
  114  8:17  Roach x3  
  119  8:23  Drone x3  
  122  8:27  Overlord  
  122  8:29  Overlord, Hydralisk Den  
  122  8:30  Overlord  
  122  8:33  Overlord  
  121  8:35  Drone  
  121  8:36  Overlord  
  121  8:46  Infestor  
  121  8:55  Roach x8  
  137  9:07  Drone x2  
  139  9:13  Drone, Spore Crawler  
  139  9:16  Roach x5  
  149  9:28  Extractor, Hydralisk  
  149  9:29  Roach  
  149  9:30  Roach x5  
  149  9:31  Roach x7  
  162  9:37  Roach x4  
  162  9:38  Roach x5  
  162  9:39  Roach  
  162  9:40  Roach x2  
  162  9:41  Roach x3  
  162  9:43  Spore Crawler  
  162  9:45  Hatchery  

Tags
 
Add a new tag
Caveats
  • Supply blocks, unpowered buildings, or Contaminate may cause inaccurate times.
  • Supply counts are checked every 10 seconds.